 Dungeon Crawl Stone Soup version 0.31-a0-569-g7ea453304b (webtiles) character file.

Game seed: 12715053438691737366

151868 goupaloupa the Impassioned (level 17, -7/142 HPs)
             Began as a Demonspawn Fighter on June 30, 2023.
             Was the Champion of Uskayaw.
             Mangled by a broodmother (19 damage)
             ... on level 3 of the Spider Nest on Aug 18, 2023.
             The game lasted 02:38:45 (22696 turns).

goupaloupa the Impassioned (Demonspawn Fighter)    Turns: 22696, Time: 02:38:48

Health: -7/142     AC: 22    Str: 29    XL:     17   Next: 1%
Magic:  29/29      EV: 10    Int: 13    God:    Uskayaw [******]
Gold:   2748       SH:  6    Dex: 14    Spells: 16/16 levels left

rFire   . . .        A - +6 war axe (flame)
rCold   . . .        c - +0 buckler
rNeg    + . .        W - +12 chain mail of Atheism {Fly rPois Slay+3}
rPois   +            T - +0 helmet {SInv}
rElec   .            v - +2 ratskin cloak {*Rats rPois rN+ Str-1 Int-1 Dex+1}
rCorr   .            (no gloves)
SInv    +            (boots unavailable)
Will    +++..        K - amulet of Wu Jian's Pride {+Inv Will+ Regen+ Dex+2} Stlth
                     h - +6 ring of strength
HPRegen 9.23/turn    u - +4 ring of protection
MPRegen 0.21/turn

%: no passive effects
@: about to teleport, spiked, corroded, flying, studying Throwing
A: hooves 3, yellow scales 1, demonic guardian 3, powered by death 2, clever 1,
strong-willed 1
a: Renounce Religion, Evoke Invisibility, Stomp, Line Pass, Grand Finale


You were on level 3 of the Spider Nest.
You worshipped Uskayaw.
Uskayaw was most pleased with you.
You visited 6 branches of the dungeon, and saw 25 of its levels.
You also visited: Gauntlet and Desolation.

You collected 2748 gold pieces.

Inventory:

Hand Weapons
 r - a +1 war axe of venom
 A - a +6 war axe of flaming (weapon)
 I - the +3 war axe of Wyst {speed, rF+ rN+ Str-3 Dex+4}
   (You took it off a deep elf demonologist on level 1 of the Elven Halls)

   Str-3:     It affects your strength (-3).
   Dex+4:     It affects your dexterity (+4).
   rF+:       It protects you from fire.
   rN+:       It protects you from negative energy.
 M - a +0 war axe of distortion
Missiles
 j - 11 datura-tipped darts
 k - 10 atropa-tipped darts
 l - 51 poisoned darts
 B - 16 boomerangs (quivered)
 Q - 2 silver boomerangs
 U - 3 javelins
Armour
 c - a +0 buckler (worn)
 g - the +3 pair of seven-league boots {Rampage+∞}
   (You found it on level 3 of the Lair of Beasts)

   Rampage+∞: When moving toward enemies, its wearer moves as far as possible,
   alerting their target en route.
 p - a +1 scale mail of cold resistance
 v - the +2 ratskin cloak (worn) {*Rats rPois rN+ Str-1 Int-1 Dex+1}
   (You found it on level 4 of the Dungeon)

   *Rats:     When the wearer is hurt, rats may emerge from it to assist them.
   Str-1:     It affects your strength (-1).
   Int-1:     It affects your intelligence (-1).
   Dex+1:     It affects your dexterity (+1).
   rPois:     It protects you from poison rN+: It protects you from negative
   energy.
 T - a +0 helmet of see invisible (worn)
 W - the +12 chain mail of Atheism (worn) {Fly rPois Slay+3}
   (You acquired it on level 1 of the Lair of Beasts)

   Slay+3:    It affects your accuracy & damage with ranged weapons and melee
   (+3).
   rPois:     It protects you from poison Fly: It grants you flight.
Jewellery
 h - a +6 ring of strength (left hand)
 m - the ring of Oxoev {Drain rN+++ EV+5 Int+7 Dex-3}
   (You found it in a Gauntlet)

   [ring of evasion]

   EV+5:      It affects your evasion (+5).
   Int+7:     It affects your intelligence (+7).
   Dex-3:     It affects your dexterity (-3).
   rN+++:     It renders you almost immune to negative energy.
   Drain:     It drains your maximum health when unequipped.
 u - a +4 ring of protection (right hand)
 E - a ring of willpower
 H - a ring of ice
 K - the amulet of Wu Jian's Pride (around neck) {+Inv Will+ Regen+ Dex+2}
   (You acquired it on level 11 of the Dungeon)

   [amulet of regeneration]

   Dex+2:     It affects your dexterity (+2).
   Will+:     It increases your willpower.
   +Inv:      It lets you turn invisible.
   Regen+:    It increases your rate of health regeneration.
 X - the ring "Ditumoi" {rC+ rN+ rCorr SInv}
   (You found it in the Desolation of Salt)

   [ring of protection from cold]

   rC+:       It protects you from cold.
   rN+:       It protects you from negative energy.
   SInv:      It lets you see invisible.
   rCorr:     It protects you from acid and corrosion.
 Y - the ring of Shadows {Umbra +Inv Stlth+}
   (You found it on level 1 of the Elven Halls)

   [ring of stealth]

   Umbra:     It surrounds you with an aura of shadow, increasing your stealth
   and reducing the accuracy of all others within it.
   +Inv:      It lets you turn invisible.
   Stlth+:    It makes you more stealthy.
 Z - a ring of protection from fire
Wands
 x - a wand of iceblast (46)
 y - a wand of flame (33)
 F - a wand of mindburst (39)
 J - a wand of quicksilver (14)
 P - a wand of charming (20)
Scrolls
 e - 9 scrolls of teleportation
 f - 2 scrolls of fog
 n - a scroll of butterflies
 s - 7 scrolls of fear
 t - 2 scrolls of silence
 w - 5 scrolls of poison
 D - 2 scrolls of amnesia
 L - 2 scrolls of enchant weapon
 N - a scroll of brand weapon
 V - a scroll of enchant armour
Potions
 a - 6 potions of lignification
 d - a potion of might
 i - 4 potions of haste
 o - 5 potions of curing
 q - a potion of cancellation
 z - 2 potions of brilliance
 C - a potion of invisibility
 G - 7 potions of heal wounds
 O - 2 potions of berserk rage
 R - a potion of enlightenment {unknown}
Miscellaneous
 S - a removed chess piece


   Skills:
 * Level 15.3 Fighting
 + Level 15.7 Axes
 + Level 1.3(10.3) Maces & Flails
 * Level 5.1 Throwing
 + Level 9.5 Armour
 + Level 3.9 Dodging
 + Level 6.9 Shields
 * Level 16.5 Invocations
 * Level 12.1 Evocations


You had 16 spell levels left.
You didn't know any spells.
Your spell library contained the following spells:

 Spells                   Type           Power      Damage    Failure   Level
 Apportation              Tloc           0%         N/A       77%         1
 Foxfire                  Conj/Fire      0%         2x1d4     77%         1
 Kiss of Death            Conj/Necr      0%         2d5       77%         1
 Necrotise                Necr           0%         1d4       77%         1
 Summon Small Mammal      Summ           0%         N/A       77%         1
 Sublimation of Blood     Necr           0%         N/A       88%         2
 Call Canine Familiar     Summ           0%         N/A       98%         3
 Gell's Gravitas          Tloc           0%         N/A       98%         3
 Portal Projectile        Hex/Tloc       0%         N/A       98%         3
 Summon Guardian Golem    Hex/Summ       0%         N/A       98%         3
 Teleport Other           Tloc           0%         N/A       98%         3
 Iskenderun's Mystic Bla  Conj/Tloc      0%         2d3       100%        4
 Leda's Liquefaction      Hex/Erth       0%         N/A       100%        4
 Agony                    Necr           0%         N/A       100%        5
 Irradiate                Conj/Tmut      0%         3d11      100%        5
 Iskenderun's Battlesphe  Conj           0%         2d6       100%        5
 Dispersal                Tloc           0%         N/A       100%        6
 Leda's Unmaking          Conj/Erth      0%         9d1       100%        6
 Summon Cactus Giant      Summ           0%         N/A       100%        6
 Orb of Destruction       Conj           0%         9d5       100%        7
 Spellforged Servitor     Conj/Summ      0%         N/A       100%        7
 Summon Horrible Things   Summ           0%         N/A       100%        8


Dungeon Overview and Level Annotations

Branches:
Dungeon (13/15)            Temple (1/1) D:6            Lair (5/5) D:10
  Swamp (0/4) Lair:3       Spider (3/4) Lair:2        Slime (0/5) Lair:4
    Orc (2/2) D:9             Elf (1/3) Orc:2       Desolation (visited)
Gauntlet (visited)
 Vaults: D:13-14

Altars:
Ashenzari
Cheibriados
Dithmenos
Fedhas
Gozag
Hepliaklqana
Kikubaaqudgha
Makhleb
Nemelex Xobeh
Okawaru
Ru
Sif Muna
Uskayaw
Vehumet
Wu Jian
Xom
Yredelemnul

Shops:
Orc:1 [   Orc:2 [!(?

Portals:
Trove: Elf:1 (give +3 gold dragon scales)

Annotations:
Elf:1 3 runed translucent doors, Siff's ghost, journeyman OpFE


Innate Abilities, Weirdness & Mutations

You have hooves in place of feet.
You are partially covered in yellow scales. (AC +2)
A powerful demonic guardian rushes to your aid.
You regenerate health from kills.
Your mind is acute. (Int +4, Str/Dex -1)
You are strong-willed. (Will+)


Message History

The jumping spider simulacrum vaporises!
You burn the broodmother! You kick the broodmother.
The broodmother is severely wounded.
You hit the culicivora. You burn the culicivora. You hit the steelbarb worm.
You burn the steelbarb worm. You slice the entropy weaver!!
You kill the orb spider!
The orb spider's corpse disappears in a puff of smoke!
You burn the entropy weaver!
You kill the tarantella!
The tarantella's corpse disappears in a puff of smoke!
You kill the culicivora!
The culicivora's corpse disappears in a puff of smoke!
The helpless wolf spider fails to defend itself.
You slash the wolf spider! You burn the wolf spider.
You kill the wolf spider!
The helpless tarantella fails to defend itself.
You slash the tarantella! You burn the tarantella.
You kill the tarantella!
The orb spider is no longer paralysed.
The orb spider is no longer sharing its pain.
The jumping spider is no longer sharing its pain.
The broodmother is no longer paralysed.
The steelbarb worm hits you!
* * * LOW HITPOINT WARNING * * *
Barbed spikes become lodged in your body.
The broodmother bites you but does no damage.
Your cacodemon hits the jumping spider. Your cacodemon hits the jumping spider!
The orb spider pulsates with a strange energy.
The entropy weaver hits you.
* * * LOW HITPOINT WARNING * * *
The entropy weaver hits you.
* * * LOW HITPOINT WARNING * * *
The entropy weaver barely misses you.
The entropy weaver completely misses you.
As you read the scroll of teleportation, it crumbles to dust.
You feel strangely unstable.
The jumping spider is no longer paralysed.
The broodmother is no longer sharing its pain.
The jumping spider leaps!
The steelbarb worm closely misses you. The broodmother bites you!!
You die...

## ...#
###...#.°#.###
#...(......s.
#.....#.^...#
.......s.#..#
........:..^#
.......#†§.#
.......B@w.#
.....§○s.#§##
.#....r†○...#
...#..†.s2..##
.....#††††...#
..#.......†#.# #
#.....^.#....
.^...#.....#...#
.....<.......
s$.#


You could see a broodmother (ally target), an entropy weaver (pain bonded), a
steelbarb worm (pain bonded, ally target), an orb spider (charged), 2 jumping
spiders, a friendly cacodemon (summoned) and a friendly river rat.

Vanquished Creatures
  A storm dragon (Elf:1)
  A shadow dragon (Elf:1)
  An emperor scorpion (Spider:2)
  2 imperial myrmidons (Desolation)
  A ghost moth (Spider:1)
  A deep elf demonologist (Elf:1)
  2 halazid warlocks (Desolation)
  Nessos (D:13)
  2 spark wasps (Spider:3)
  2 crystal guardians (Desolation)
  A fire dragon (Elf:1)
  2 deep elf high priests (Elf:1)
  2 entropy weavers
  5 ragged hierophants (Desolation)
  7 servants of whispers (Desolation)
  6 hydras
  5 peacekeepers (Desolation)
  Erolcha (D:13)
  2 ogre magi
  2 catoblepae
  4 boulder beetles
  9 two-headed ogres
  A death scarab (Gauntlet)
  2 radroaches
  A tengu warrior (D:13)
  6 death yaks
  A deep troll earth mage (D:12)
  4 demonic crawlers
  A deep troll shaman (Lair:5)
  2 dancing weapons (Elf:1)
  3 orc high priests
  7 deep elf knights (Elf:1)
  A spectral death yak (Gauntlet)
  A fire crab (shapeshifter) (Elf:1)
  4 pharaoh ants
  An orb spider (Spider:2)
  2 bog bodies (Lair:3)
  4 steelbarb worms
  3 ironbound convokers (Desolation)
  A deep elf archer (Elf:1)
  2 orc knights (Orc:2)
  6 deep elf zephyrmancers (Elf:1)
  5 deep elf pyromancers (Elf:1)
  4 cyclopes
  2 moths of wrath
  2 orc sorcerers (Orc:2)
  12 wolf spiders
  A salamander (shapeshifter) (D:13)
  6 guardian serpents
  A molten gargoyle (Desolation)
  7 black mambas
  8 elephants
  6 cane toads
  2 torpor snails
  An unseen horror (D:12)
  4 komodo dragons
  A kobold demonologist (D:10)
  A rime drake (Lair:5)
  A tengu conjurer (D:12)
  3 trolls
  50 saltlings (Desolation)
  12 tarantellas
  7 blink frogs
  3 flying skulls (Gauntlet)
  10 culicivoras
  6 wraiths
  10 slime creatures
  13 jumping spiders
  2 shadows
  48 yaks
  5 basilisks
  2 fire bats (Gauntlet)
  A fire elemental (Elf:1)
  21 redbacks
  2 wyverns
  2 steam dragons
  4 vampire mosquitoes
  4 acid dragons
  3 swamp worms (Gauntlet)
  16 water moccasins
  5 black bears
  22 orc warriors
  11 centaurs
  8 ogres
  15 wolves
  3 kobold brigands
  A phantom (D:4)
  15 bullfrogs
  A gnoll sergeant (D:5)
  A scorpion (D:10)
  3 killer bees (D:9)
  An electric eel (Lair:1)
  A jelly (D:7)
  2 hounds
  22 orc priests
  4 iguanas
  23 orc wizards
  6 gnolls
  14 adders
  A white imp (D:6)
  An ufetubus (D:6)
  2 worms (D:2)
  4 dart slugs
  112 orcs
  10 ball pythons
  A bat zombie (D:10)
  11 endoplasms
  3 giant cockroaches
  10 goblins
  5 hobgoblins (D:1)
  2 jackals (D:4)
  26 kobolds
  4 quokkas
  8 bats
  A frilled lizard (D:3)
  8 rats
768 creatures vanquished.

Vanquished Creatures (collateral kills)
  A minotaur (Gauntlet)
  A fire dragon (Elf:1)
  A ragged hierophant (Desolation)
  A servant of whispers (Elf:1)
  2 peacekeepers (Desolation)
  A radroach (Spider:3)
  A boulder beetle (D:13)
  2 two-headed ogres
  2 dancing weapons (Elf:1)
  2 orc high priests (Orc:2)
  A demonic crawler (Spider:1)
  3 deep elf knights (Elf:1)
  A fire crab (Gauntlet)
  An orb spider (Spider:3)
  A deep elf archer (Elf:1)
  An ironbound convoker (Elf:1)
  3 deep elf pyromancers
  A wolf spider (Spider:3)
  2 orc knights (Orc:2)
  3 deep elf zephyrmancers (Elf:1)
  An elephant (Lair:4)
  2 orc sorcerers
  A cane toad (Lair:5)
  A komodo dragon (Lair:1)
  A kobold demonologist (D:12)
  A tengu conjurer (D:12)
  2 saltlings
  A culicivora (Spider:3)
  5 yaks
  2 redbacks
  2 fire bats (Gauntlet)
  A water moccasin (D:8)
  4 orc warriors (Orc:2)
  An ogre (Orc:1)
  2 centaurs (D:8)
  A tengu (shapeshifter) (Elf:1)
  A kobold brigand (D:9)
  A bullfrog (Lair:1)
  2 orc priests (Orc:2)
  A gnoll (D:6)
  7 orcs
  A kobold (D:9)
72 creatures vanquished.

Vanquished Creatures (others)
  A pharaoh ant (Spider:2)
  A tarantella (Spider:3)
  A culicivora (Spider:1)
  A sky beast (D:6)
  An orc warrior (D:6)
  A centaur (D:6)
  A bullfrog (D:6)
7 creatures vanquished.

Grand Total: 847 creatures vanquished

Notes
Turn   | Place    | Note
-------+----------+-------------------------------------------
     0 | D:1      | goupaloupa the Demonspawn Fighter began the quest for the
                  | Orb.
     0 | D:1      | Reached XP level 1. HP: 18/18 MP: 1/1
   102 | D:1      | Reached skill level 1 in Invocations
   128 | D:1      | Gained mutation: A weak demonic guardian rushes to your
                  | aid. [demonic ancestry]
   128 | D:1      | Reached XP level 2. HP: 24/24 MP: 3/3
   321 | D:1      | Reached skill level 2 in Invocations
   321 | D:1      | Gained mutation: You regenerate a little health from kills.
                  | [demonic ancestry]
   321 | D:1      | Reached XP level 3. HP: 28/29 MP: 4/4
   664 | D:1      | Gained mutation: You are strong-willed. (Will+) [potion of
                  | mutation]
   664 | D:1      | Gained mutation: Your mind is acute. (Int +4, Str/Dex -1)
                  | [potion of mutation]
  1121 | D:2      | Reached XP level 4. HP: 36/36 MP: 5/5
  1810 | D:3      | Reached skill level 1 in Evocations
  1954 | D:3      | Noticed an ogre
  1966 | D:3      | Killed an ogre
  1967 | D:3      | Reached skill level 3 in Invocations
  1967 | D:3      | Gained mutation: You regenerate health from kills. [demonic
                  | ancestry]
  1967 | D:3      | Reached XP level 5. HP: 13/42 MP: 5/7
  1971 | D:3      | Found a shadowy altar of Dithmenos.
  2464 | D:4      | Noticed a phantom
  2478 | D:4      | Killed a phantom
  2479 | D:4      | Reached XP level 6. HP: 39/48 MP: 8/8
  2818 | D:4      | Found the +2 ratskin cloak {*Rats rPois rN+ Str-1 Int-1
                  | Dex+1}
  3103 | D:5      | Entered Level 5 of the Dungeon
  3155 | D:5      | Reached skill level 1 in Dodging
  3159 | D:5      | Reached skill level 4 in Invocations
  3159 | D:5      | Gained mutation: You have large cloven feet. [demonic
                  | ancestry]
  3159 | D:5      | Reached XP level 7. HP: 55/55 MP: 8/10
  4087 | D:6      | Reached skill level 5 in Fighting
  4097 | D:6      | Gained mutation: You are partially covered in yellow
                  | scales. (AC +2) [demonic ancestry]
  4097 | D:6      | Reached XP level 8. HP: 57/62 MP: 11/11
  4101 | D:6      | Reached skill level 5 in Invocations
  4102 | D:6      | Found a shimmering altar of Xom.
  4206 | D:6      | Found a staircase to the Ecumenical Temple.
  4243 | D:6      | You fall into a shaft and drop 1 floor!
  4400 | D:7      | Reached skill level 5 in Axes
  4769 | D:6      | Reached skill level 1 in Throwing
  5232 | D:7      | Reached skill level 6 in Invocations
  5954 | D:8      | Identified the +8 hand axe of Defilement {elec, *Corrode
                  | Will++ Str-3 Dex+3}
  5958 | D:8      | Reached XP level 9. HP: 66/69 MP: 11/13
  5958 | D:8      | Noticed a cyclops
  5968 | D:8      | Killed a cyclops
  6207 | D:8      | Found an opulent altar of Gozag.
  6463 | D:8      | Found a shimmering blue altar of Sif Muna.
  6617 | Temple   | Entered the Ecumenical Temple
  6733 | Temple   | Became a worshipper of Uskayaw the Reveller
  6864 | D:9      | Reached * piety under Uskayaw
  6865 | D:9      | Reached ** piety under Uskayaw
  6867 | D:9      | Reached skill level 5 in Evocations
  7016 | D:9      | Reached skill level 7 in Invocations
  7353 | D:9      | Reached *** piety under Uskayaw
  7355 | D:9      | Reached skill level 5 in Armour
  7356 | D:9      | Reached **** piety under Uskayaw
  7371 | D:9      | Found a staircase to the Orcish Mines.
  7372 | D:9      | Reached ***** piety under Uskayaw
  7375 | D:9      | Gained mutation: A demonic guardian rushes to your aid.
                  | [demonic ancestry]
  7375 | D:9      | Reached XP level 10. HP: 77/77 MP: 4/15
  7406 | D:9      | Noticed a two-headed ogre
  7419 | D:9      | Killed a two-headed ogre
  7722 | D:9      | Noticed a two-headed ogre
  7736 | D:9      | Killed a two-headed ogre
  7737 | D:9      | Reached skill level 8 in Invocations
  8156 | D:10     | Entered Level 10 of the Dungeon
  8188 | D:10     | Identified the +3 mace of Fate {pain, rF+ Will+ rCorr
                  | Str+2}
  8304 | D:10     | Found a staircase to the Lair.
  8496 | D:10     | Found an ancient bone altar of Kikubaaqudgha.
  8694 | D:10     | Noticed a deep elf pyromancer
  8703 | D:10     | Killed a deep elf pyromancer
  8704 | D:10     | Reached XP level 11. HP: 80/86 MP: 11/17
  9133 | D:11     | Identified a scroll of acquirement
  9134 | D:11     | Acquired the amulet of Wu Jian's Pride {+Inv Will+ Regen+
                  | Dex+2}
  9764 | D:12     | Reached skill level 9 in Invocations
  9936 | D:12     | Reached skill level 10 in Axes
 10113 | D:12     | Noticed a boulder beetle
 10133 | D:12     | Killed a boulder beetle
 10502 | D:12     | Noticed a deep troll earth mage
 10512 | D:12     | Killed a deep troll earth mage
 10669 | D:12     | Noticed a two-headed ogre
 10672 | D:12     | Noticed a two-headed ogre
 10673 | D:12     | Noticed a two-headed ogre
 10675 | D:12     | Noticed a two-headed ogre
 10676 | D:12     | Noticed an ogre mage
 10677 | D:12     | Noticed a two-headed ogre
 10684 | D:12     | Killed a two-headed ogre
 10685 | D:12     | Gained mutation: A powerful demonic guardian rushes to your
                  | aid. [demonic ancestry]
 10685 | D:12     | Reached XP level 12. HP: 85/97 MP: 19/19
 10688 | D:12     | Killed an ogre mage
 10688 | D:12     | Killed a two-headed ogre
 10689 | D:12     | Killed a two-headed ogre
 10690 | D:12     | Reached skill level 5 in Shields
 10693 | D:12     | Reached ****** piety under Uskayaw
 10694 | D:12     | Killed a two-headed ogre
 10695 | D:12     | Reached skill level 10 in Invocations
 10698 | D:12     | Reached skill level 10 in Fighting
 10699 | D:12     | Killed a two-headed ogre
 10960 | Lair:1   | Entered Level 1 of the Lair of Beasts
 10971 | Lair:1   | Noticed a catoblepas
 10982 | Lair:1   | Killed a catoblepas
 11032 | Lair:1   | Found a gate leading to a gauntlet.
 11053 | Gauntlet | Entered a Gauntlet
 11053 | Gauntlet | Noticed a green death
 11053 | Gauntlet | Found a large runed translucent door.
 11053 | Gauntlet | Found a large runed translucent door.
 11053 | Gauntlet | Found a large runed translucent door.
 11053 | Gauntlet | Found a large runed translucent door.
 11053 | Gauntlet | Found a large runed translucent door.
 11053 | Gauntlet | Found a large runed translucent door.
 11053 | Gauntlet | Found a large runed translucent door.
 11053 | Gauntlet | Found a large runed translucent door.
 11053 | Gauntlet | Found a runed translucent door.
 11053 | Gauntlet | Found a runed translucent gate.
 11053 | Gauntlet | Found a transporter.
 11053 | Gauntlet | Found a transporter.
 11053 | Gauntlet | Found a runed translucent gate.
 11053 | Gauntlet | Found a transporter.
 11053 | Gauntlet | Found a transporter.
 11057 | Gauntlet | Found a transporter.
 11058 | Gauntlet | Found a runed translucent gate.
 11058 | Gauntlet | Found a runed translucent door.
 11062 | Gauntlet | Found a large runed translucent door.
 11062 | Gauntlet | Found a large runed translucent door.
 11064 | Gauntlet | Noticed a death scarab
 11067 | Gauntlet | Found a transporter.
 11082 | Gauntlet | Found a transporter.
 11089 | Gauntlet | Found a transporter.
 11107 | Gauntlet | Found a transporter.
 11115 | Gauntlet | Found a transporter.
 11133 | Gauntlet | Found a transporter.
 11137 | Gauntlet | Found a large runed translucent door.
 11137 | Gauntlet | Found a large runed translucent door.
 11138 | Gauntlet | Found a large runed translucent door.
 11138 | Gauntlet | Found a large runed translucent door.
 11139 | Gauntlet | Found a large runed translucent door.
 11139 | Gauntlet | Found a large runed translucent door.
 11185 | Gauntlet | Found a transporter.
 11187 | Gauntlet | Noticed a ghost crab
 11294 | Gauntlet | Upgraded the game from 0.31-a0-210-gccc998df9b to
                  | 0.31-a0-227-ga22c3bf811
 11634 | Gauntlet | Reached skill level 1 in Maces & Flails
 11694 | Gauntlet | Identified the ring of Oxoev {Drain rN+++ EV+5 Int+7 Dex-3}
 11695 | Gauntlet | Killed a death scarab
 11754 | Gauntlet | Noticed a minotaur
 11771 | Gauntlet | Killed a minotaur
 11772 | Gauntlet | Reached skill level 11 in Invocations
 12049 | Lair:1   | Reached XP level 13. HP: 96/104 MP: 21/21
 12669 | Lair:1   | Acquired the +12 chain mail of Atheism {Fly rPois Slay+3}
 12998 | Lair:2   | Found a hole to the Spider Nest.
 13809 | Lair:3   | Found a staircase to the Swamp.
 14032 | Lair:3   | Found the +3 pair of seven-league boots {Rampage+∞}
 14418 | Lair:4   | Reached skill level 12 in Invocations
 14755 | Lair:4   | Found a staircase to the Slime Pits.
 15107 | Lair:5   | Entered Level 5 of the Lair of Beasts
 15292 | Lair:5   | Reached XP level 14. HP: 109/114 MP: 23/23
 15315 | Lair:5   | Got the Monograph on Outbursts
 15947 | Lair:5   | Reached skill level 13 in Invocations
 15947 | Lair:5   | Reached skill level 10 in Evocations
 16261 | Orc:1    | Entered Level 1 of the Orcish Mines
 16856 | Orc:1    | Found Cadapar's Armour Emporium.
 17037 | Orc:2    | Entered Level 2 of the Orcish Mines
 17292 | Orc:2    | Found a staircase to the Elven Halls.
 17363 | Orc:2    | Found Qoeboan's Armour Shop.
 17363 | Orc:2    | Found Anlol's Magic Scroll Shoppe.
 17477 | Orc:2    | Found Zisummuz's Distillery.
 17477 | Orc:2    | Found Qirch's Antique Weapon Shoppe.
 17670 | Elf:1    | Entered Level 1 of the Elven Halls
 17671 | Elf:1    | Upgraded the game from 0.31-a0-227-ga22c3bf811 to
                  | 0.31-a0-233-g139696dc86
 17777 | Elf:1    | Found a crumbling gateway.
 17779 | Elf:1    | Gained mutation: You have hoof-like feet. [demonic
                  | ancestry]
 17779 | Elf:1    | Reached XP level 15. HP: 123/123 MP: 25/25
 17795 | Desolati | Entered the Desolation of Salt
 17872 | Desolati | Reached skill level 14 in Invocations
 18057 | Desolati | Noticed an imperial myrmidon
 18076 | Desolati | Killed an imperial myrmidon
 18211 | Desolati | Acquired a manual of Throwing
 18232 | Desolati | Got Narac's Volume of Flashy Resurrection
 18275 | Desolati | Found the +2 Maxwell's thermic engine {flame, freeze, rev}
 18277 | Desolati | Reached skill level 15 in Invocations
 18297 | Desolati | Identified the amulet "Zaesiec" {Spirit Int+3}
 18311 | Desolati | Identified the +1 plate armour of Kajir {Stlth+}
 18318 | Desolati | Identified the ring "Ditumoi" {rC+ rN+ rCorr SInv}
 18440 | Desolati | Identified the ring "Komom" {Fire Drain +Blink Str+4}
 18440 | Desolati | Noticed an imperial myrmidon
 18441 | Desolati | Found the +7 sceptre of Torment {pain, torment}
 18454 | Desolati | Killed an imperial myrmidon
 18465 | Desolati | Got Onutaxetz's Excursus on the Collective Vector
 18813 | Elf:1    | Found a runed translucent gate.
 18815 | Elf:1    | Found a runed translucent gate.
 18816 | Elf:1    | Found a runed translucent gate.
 18817 | Elf:1    | Noticed Siff's ghost (journeyman OpFE)
 18831 | Elf:1    | Found the ring of Shadows {Umbra +Inv Stlth+}
 19361 | Elf:1    | Found a portal to a secret trove of treasure.
 19453 | Elf:1    | Reached skill level 15 in Axes
 19572 | Elf:1    | Reached XP level 16. HP: 36/133 MP: 27/27
 19579 | Elf:1    | Identified the +3 war axe of Wyst {speed, rF+ rN+ Str-3
                  | Dex+4}
 19607 | Elf:1    | Found a runed translucent gate.
 19607 | Elf:1    | Found a runed translucent gate.
 19607 | Elf:1    | Found a runed translucent gate.
 19607 | Elf:1    | Found a runed translucent gate.
 19607 | Elf:1    | Found a runed translucent gate.
 19608 | Elf:1    | Noticed a shadow dragon
 19609 | Elf:1    | Noticed a storm dragon
 19613 | Elf:1    | Found a runed translucent gate.
 19665 | Elf:1    | Killed a storm dragon
 19696 | Elf:1    | Killed a shadow dragon
 19853 | D:13     | Found an iron altar of Okawaru.
 19897 | D:13     | Noticed Nessos
 19913 | D:13     | Killed Nessos
 20542 | D:13     | Noticed Erolcha
 20548 | D:13     | Killed Erolcha
 20578 | D:13     | Upgraded the game from 0.31-a0-233-g139696dc86 to
                  | 0.31-a0-569-g7ea453304b
 20803 | Spider:1 | Entered Level 1 of the Spider Nest
 20869 | Spider:1 | Reached skill level 16 in Invocations
 21878 | Spider:2 | Reached skill level 15 in Fighting
 22666 | Spider:3 | Reached skill level 5 in Throwing
 22692 | Spider:3 | HP: 6/136 [tarantella simulacrum (22)]
 22692 | Spider:3 | HP: 1/136 [tarantella (5)]
 22694 | Spider:3 | Gained mutation: You have hooves in place of feet. [demonic
                  | ancestry]
 22694 | Spider:3 | Reached XP level 17. HP: 7/142 MP: 29/29
 22696 | Spider:3 | Mangled by a broodmother

Illustrated notes

Levels and vault maps discovered:
D:1:      co_arrival_square_in_a_square_in_a_square, layout_loops_ring
D:2:      layout_basic
D:3:      layout_basic, grunt_dithmenos_smoke
D:4:      layout_basic
D:5:      layout_basic
D:6:      layout_basic, lemuel_tele_altar, xom_confusion_cloud,
          minmay_temple_entry_glass
D:7:      layout_layer_cave
D:8:      layout_rooms, grunt_gozag_statues, kennysheep_mini,
          jmf_multi_god_temple, minmay_crossroads
D:9:      layout_stronghold, hiddenorc2_lemuel, kb_lookout_dungeons_type
D:10:     layout_roguey, lemuel_zombie_altar_kikubaaqudgha,
          grunt_lair_entry_orc_guard_hut
D:11:     layout_loops_cross
D:12:     kennysheep_scales, layout_gridville, hangedman_decor_slide_cut
D:13:     layout_gridville, kennysheep_okawaru_gauntlet, uniq_nessos,
          uniq_erolcha
Temple:   zaba_magenta_temple
Lair:1:   layout_gridlike, gauntlet_entry_generic, hibernation_bobbens,
          serial_bayou_shore_a
Lair:2:   layout_roguey, nicolae_spider_entry_tight_spaces
Lair:3:   layout_gridlike, skrybe_swamp_entry_bodies,
          hellmonk_guarded_unrand_seven_league_boots, grunt_megastairs_5
Lair:4:   layout_gridlike, slime_entry_1, minivault_27, lemuel_fruit_tree,
          infiniplex_staircase_pool
Lair:5:   grunt_lair_end_beastmaster, layout_small_grid
Spider:1: layout_spider_delve
Spider:2: layout_spider_delve, nicolae_spider_cling_halls
Spider:3: layout_spider_delve, drop_trap, hangedman_spider_tarantella_strand
Orc:1:    layout_caves, serial_shops, nicolae_shop_hallway_plus,
          nicolae_orc_stony_grotto, nicolae_orc_lava_tube,
          nicolae_orc_damp_corner, nicolae_orc_rich_vein
Orc:2:    grunt_orc_tribal_feast, layout_caves
Elf:1:    eino_elf_arrival_shootout, layout_loops_corners,
          gammafunk_ghost_split, portal_desolation_entry_nicolae_nacl,
          enter_trove_3, orc_legates

Skill      XL: |  1  2  3  4  5  6  7  8  9 10 11 12 13 14 15 16 |
---------------+-------------------------------------------------+-----
Invocations    | 1 2 3 4 6 7 8 9 11 12 13 15 16 | 16.5
Axes           | 2 3 4 5 7 9 10 11 12 14 15 | 15.7
Evocations     | 1 2 3 4 5 6 7 8 9 10 11 12 | 12.1
Armour         | 3 4 5 6 7 8 9 |  9.5
Shields        | 3 4 5 6 |  6.9
Fighting       | 4 5 6 8 9 10 11 13 14 15 | 15.3
Dodging        | 1 2 3 |  3.9
Throwing       | 1 2 5 |  5.1
Maces & Flails | 1 |  1.3

Action                     |  1- 3 |  4- 6 |  7- 9 | 10-12 | 13-15 | 16-18 || total
---------------------------+-------+-------+-------+-------+-------+-------++-------
  Melee: War axe           |   121 |   190 |   259 |   428 |   938 |   402 ||  2338
         Kick              |       |       |    76 |   137 |       |     1 ||   214
         Mace              |       |       |       |    22 |       |       ||    22
  Throw: Dart              |       |     2 |     8 |       |       |       ||    10
         Stone             |       |     5 |    34 |    54 |    52 |       ||   145
         Boomerang         |       |       |       |       |     4 |       ||     4
 Invoke: Line Pass         |       |       |     3 |    18 |     4 |       ||    25
         Stomp             |       |       |       |     5 |       |       ||     5
         Grand Finale      |       |       |       |       |     2 |     1 ||     3
    Use: Potion            |     1 |     1 |       |     4 |       |     1 ||     7
         Scroll            |     1 |     4 |     9 |     9 |    11 |     4 ||    38
   Stab: Invisible         |       |       |     1 |       |       |       ||     1
         Paralysed         |       |       |     3 |    45 |   152 |    48 ||   248
         Confused          |       |       |     2 |     6 |     1 |       ||     9
         Distracted        |       |       |     1 |     1 |       |     2 ||     4
         Petrified         |       |       |       |       |     6 |       ||     6
 Armour: Scale mail        |    49 |   102 |   159 |       |       |       ||   310
         Plate armour      |       |       |    72 |   369 |    12 |       ||   453
         Chain mail        |       |       |       |       |   548 |   397 ||   945
  Dodge: Dodged            |    58 |    86 |   156 |   147 |   305 |   244 ||   996
  Block: Buckler           |    37 |    47 |   103 |   114 |   158 |   103 ||   562

Table legend: (Time is in decaauts)
 A = Elapsed time spent in this place.
 B = Non-inter-level travel time spent in this place.
 C = Inter-level travel time spent in this place.
 D = Time resting spent in this place.
 E = Time spent auto-exploring this place.
 F = Levels seen in this place.
 G = Mean time per level.
                   A        B        C        D        E       F      G
               +--------+--------+--------+--------+--------+-----+--------+
         Total |  22745 |  21316 |   1429 |    337 |  14855 |  27 |  842.4 |
       Dungeon |  12029 |  11289 |    740 |    206 |   8485 |  13 |  925.3 |
        Temple |    132 |    102 |     30 |      0 |     81 |   1 |  132.0 |
          Lair |   4451 |   4070 |    381 |      0 |   3127 |   5 |  890.2 |
   Spider Nest |   1839 |   1726 |    113 |     99 |   1287 |   3 |  613.0 |
  Orcish Mines |   1422 |   1293 |    129 |      0 |   1068 |   2 |  711.0 |
   Elven Halls |   1071 |   1036 |     35 |     32 |    287 |   1 | 1071.0 |
    Desolation |    930 |    930 |      0 |      0 |    160 |   1 |  930.0 |
      Gauntlet |    867 |    867 |      0 |      0 |    359 |   1 |  867.0 |
               +--------+--------+--------+--------+--------+-----+--------+

Top non-repeatable levels by time:
     D:9: 1454 daAuts
    D:12: 1385 daAuts
   Elf:1: 1071 daAuts
     D:7: 1028 daAuts
  Lair:1: 987 daAuts
  Lair:5: 984 daAuts
Spider:1: 984 daAuts
     D:5: 955 daAuts
Desolation: 930 daAuts
     D:2: 929 daAuts
  Lair:3: 924 daAuts
     D:6: 913 daAuts
     D:4: 874 daAuts
    D:10: 871 daAuts
Gauntlet: 867 daAuts
